 Dungeon Crawl Stone Soup version 0.28.0-49-g6dfe1f597d (webtiles) character file.

Game seed: 10015608741573159173

95 bnorton916 the Magician (level 4, -9/24 HPs)
             Began as a Deep Elf Fire Elementalist on May 18, 2022.
             Mangled by Edmund
             ... wielding a +6 vorpal dire flail
              (11 damage)
             ... on level 4 of the Dungeon.
             The game lasted 00:04:02 (2678 turns).

bnorton916 the Magician (DEFE)                      Turns: 2678, Time: 00:04:02

Health: -9/24      AC:  4    Str:  5    XL:     4   Next: 39%
Magic:  7/12       EV: 12    Int: 22    God:
Gold:   79         SH:  0    Dex: 15    Spells: 3/11 levels left

rFire   . . .      SeeInvis .   (no weapon)
rCold   . . .      Faith    .   (no shield)
rNeg    . . .      Spirit   .   a - +0 robe
rPois   .          Reflect  .   (no helmet)
rElec   .          Harm     .   (no cloak)
rCorr   .          Rampage  .   (no gloves)
Will    .....                   (no boots)
Stlth   ++........              (no amulet)
HPRegen 0.08/turn               (no ring)
MPRegen 0.13/turn               (no ring)

@: brilliant
A: talons 1, iridescent scales 1
a: no special abilities


You were on level 4 of the Dungeon.
You visited 1 branch of the dungeon, and saw 3 of its levels.

You collected 79 gold pieces.

Inventory:

Hand Weapons
 k - a +1 short sword of flaming
 n - a +3 dagger
Armour
 a - a +0 robe (worn)
 f - a +0 buckler
 j - a +1 scale mail of cold resistance
Jewellery
 b - a ring of magical power
 h - an amulet of magic regeneration
Wands
 l - a wand of iceblast (5)
Scrolls
 d - a scroll of teleportation {unknown}
 e - a scroll of identify {unknown}
 i - a scroll of vulnerability {unknown}
 m - a scroll of fear {unknown}
Potions
 o - a potion of berserk rage {unknown}


   Skills:
 - Level 2.4 Dodging
 - Level 2.4 Stealth
 + Level 4.4 Spellcasting
 + Level 2.7 Conjurations
 + Level 0.0 Summonings
 + Level 4.3 Fire Magic


You had 3 spell levels left.
You knew the following spells:

 Your Spells              Type           Power      Damage    Failure   Level
a - Foxfire               Conj/Fire      100%       2x1d9     2%          1
b - Scorch                Fire           70%        2d9       2%          2
c - Conjure Flame         Conj/Fire      30%        6-21      8%          3
d - Call Imp              Summ           7%         N/A       16%         2

Your spell library contained the following spells:

 Spells                   Type           Power      Damage    Failure   Level
 Magic Dart               Conj           100%       1d8       3%          1
 Animate Skeleton         Necr           14%        N/A       11%         1
 Apportation              Tloc           14%        N/A       11%         1
 Beastly Appendage        Tmut           14%        N/A       11%         1
 Summon Small Mammal      Summ           28%        N/A       11%         1
 Inner Flame              Hex/Fire       21%        N/A       13%         3
 Ensorcelled Hibernation  Hex/Ice        14%        N/A       16%         2
 Passwall                 Tmut/Erth      5%         N/A       16%         2
 Wereblood                Tmut           7%         N/A       16%         2
 Mephitic Cloud           Conj/Pois/Air  13%        N/A       22%         3
 Spider Form              Tmut/Pois      7%         N/A       32%         3
 Swiftness                Air            7%         N/A       32%         3
 Flame Wave               Conj/Fire      30%        2d8       26%         4


Dungeon Overview and Level Annotations

Branches:
Dungeon (2/15)

Altars:

Annotations:
D:4 Edmund


Innate Abilities, Weirdness & Mutations

You have sharp toenails.
You are partially covered in iridescent scales. (AC +2)


Message History

You open the door.
Edmund the Younger comes into view.
He is wielding a +6 vorpal dire flail.
Edmund shouts!
Found four items.
Found a stone staircase leading down.
You close the door.
Something unseen breaks down the door.
Casting: Scorch (safe; 2% risk of failure)
Confirm with . or Enter, or press ? or * to list all spells.
You conjure some foxfire!
The foxfire hits Edmund.
Edmund is lightly wounded.
Casting: Foxfire (safe; 2% risk of failure)
Confirm with . or Enter, or press ? or * to list all spells.
You conjure some foxfire!
The foxfire hits Edmund but does no damage.
Edmund is lightly wounded.
The foxfire hits Edmund but does no damage.
Edmund is lightly wounded.
Casting: Foxfire (safe; 2% risk of failure)
Confirm with . or Enter, or press ? or * to list all spells.
Flames lash Edmund.
Edmund is lightly wounded.
Edmund's fire resistance burns away.
The foxfire hits Edmund but does no damage.
Edmund is lightly wounded.
Casting: Scorch (safe; 2% risk of failure)
Confirm with . or Enter, or press ? or * to list all spells.
Flames lash Edmund.
Edmund is burned terribly!
Edmund is moderately wounded.
Edmund hits you with a +6 vorpal dire flail!
Unknown command.
It was a potion of brilliance.
You feel clever all of a sudden.
Edmund hits you with a +6 vorpal dire flail!
* * * LOW HITPOINT WARNING * * *
x2 It was a potion of mutation.
You feel extremely strange.
Your toenails lengthen and sharpen.
Iridescent scales grow over part of your body.
Edmund hits you with a +6 vorpal dire flail!
You die...

### ## #.. .# #.# .#
################.# .#
...#.............# .#
##.#.............# #.#
................@#####.#
...............@.#.....#
.................#@##..#
.................#.##..#
.................#.##..#
..†..............#.##..###
.................#.##....#
....########.#####.##.##.#
....# #.......##@##.#


You could see Edmund (combustible).

Vanquished Creatures
  Natasha (twice) (D:2)
  An adder (D:2)
  An ufetubus (D:4)
  A worm (D:2)
  An orc (D:2)
  2 ball pythons (D:1)
  3 endoplasms (D:1)
  A giant cockroach (D:1)
  2 goblins (D:1)
  3 hobgoblins
  4 quokkas
  2 bats (D:1)
  A frilled lizard (D:1)
  2 kobolds
  A rat (D:1)
27 creatures vanquished.

Vanquished Creatures (others)
  78 foxfires
78 creatures vanquished.

Grand Total: 105 creatures vanquished

Notes
Turn   | Place    | Note
-------+----------+-------------------------------------------
     0 | D:1      | bnorton916 the Deep Elf Fire Elementalist began the quest
                  | for the Orb.
     0 | D:1      | Reached XP level 1. HP: 10/10 MP: 6/6
   532 | D:1      | Reached XP level 2. HP: 15/15 MP: 6/8
   539 | D:1      | Learned a level 2 spell: Scorch
  1372 | D:2      | Found a faded altar of an unknown god.
  1522 | D:2      | Noticed Natasha
  1530 | D:2      | Killed Natasha
  1531 | D:2      | Reached XP level 3. HP: 19/19 MP: 3/10
  1786 | D:2      | Learned a level 3 spell: Conjure Flame
  2111 | D:2      | Noticed Natasha
  2130 | D:2      | Killed Natasha
  2131 | D:2      | Reached XP level 4. HP: 15/24 MP: 7/12
  2543 | D:2      | You fall into a shaft and drop 2 floors!
  2591 | D:4      | Learned a level 2 spell: Call Imp
  2633 | D:4      | Noticed Edmund
  2678 | D:4      | Gained mutation: You have sharp toenails. [potion of
                  | mutation]
  2678 | D:4      | Gained mutation: You are partially covered in iridescent
                  | scales. (AC +2) [potion of mutation]
  2678 | D:4      | Mangled by Edmund

Illustrated notes

Levels and vault maps discovered:
D:1:      shiori_arrival_oz, layout_basic
D:2:      layout_basic, shapermc_ecumenical_altar_venn, uniq_natasha
D:4:      layout_basic, mainiacjoe_overflow_six_doors_small,
          minmay_misc_feat_room, uniq_edmund, uniq_sigmund,
          uniq_crazy_yiuf_cottage, uniq_eustachio

Skill      XL: |  1  2 |
---------------+-------+-----
Conjurations   | 2 |  2.7
Spellcasting   | 4 |  4.4
Fire Magic     | 4 |  4.3
Dodging        | |  2.4
Stealth        | |  2.4

Action                   |  1- 3 |  4- 6 || total
-------------------------+-------+-------++-------
 Cast: Foxfire           |    39 |     7 ||    46
       Scorch            |     3 |     3 ||     6
  Use: Potion            |       |     2 ||     2
Armor: Robe              |     1 |       ||     1
Dodge: Dodged            |    14 |       ||    14
